 Dungeon Crawl Stone Soup version 0.23.1 (webtiles) character file.

Game seed: 16676106502006556598

354 misha the Spear-Bearer (level 6, 0/51 HPs)
             Began as a Merfolk Berserker on Mar 8, 2019.
             Was a Believer of Trog.
             Killed from afar by an orc wizard (8 damage)
             ... with a puff of frost
             ... on level 3 of the Dungeon.
             The game lasted 00:05:53 (2363 turns).

misha the Spear-Bearer (Merfolk Berserker)          Turns: 2363, Time: 00:05:54

Health: 0/51       AC:  3    Str: 19    XL:     6   Next: 63%
Magic:  6/6        EV: 13    Int:  6    God:    Trog [**....]
Gold:   127        SH:  0    Dex: 14    Spells: 5/5 levels left

rFire    . . .     SeeInvis .   a - +0 spear
rCold    . . .     Gourm    .   (no shield)
rNeg     + . .     Faith    .   i - +0 leather armour {rN+}
rPois    .         Spirit   .   (no helmet)
rElec    .         Reflect  .   (no cloak)
rCorr    .         Harm     .   (no gloves)
MR       .....                  (no boots)
Stlth    +.........             (no amulet)
HPRegen  0.17/turn              (no ring)
MPRegen  0.10/turn              (no ring)

@: berserk cooldown, slowed, very slow
A: change form in water, swift swim, stealthy swim
a: Berserk, Trog's Hand, Renounce Religion


You were on level 3 of the Dungeon.
You worshipped Trog.
Trog was pleased with you.
You were not hungry.

You visited 1 branch of the dungeon, and saw 3 of its levels.

You collected 127 gold pieces.

Inventory:

Hand Weapons
 a - a +0 spear (weapon)
Missiles
 b - 31 stones (quivered)
 l - 8 tomahawks
 n - 7 poisoned needles
Armour
 i - a +0 leather armour of positive energy (worn)
Jewellery
 j - a cursed amulet of inaccuracy {unknown}
 t - a cursed -2 ring of evasion {unknown}
Scrolls
 d - 2 scrolls of immolation {unknown}
 m - 3 scrolls of identify {unknown}
 o - 2 scrolls of magic mapping {unknown}
 r - 2 scrolls of amnesia {unknown}
 u - a scroll of remove curse {unknown}
Potions
 e - 3 potions of heal wounds {unknown}
 f - a potion of haste {unknown}
 g - 2 potions of mutation {unknown}
 k - a potion of flight {unknown}
 p - 2 potions of curing {unknown}
 q - a potion of invisibility {unknown}
 s - a potion of might {unknown}
Comestibles
 c - 2 rations


   Skills:
 + Level 5.2 Fighting
 * Level 8.9 Polearms
 - Level 1.4 Armour
 - Level 2.7 Dodging


You had 5 spell levels left.
You didn't know any spells.
Your spell library was empty.

Dungeon Overview and Level Annotations

Branches:
Dungeon (3/15)

Altars:
Kikubaaqudgha
Makhleb
Wu Jian


Message History

The orc wizard seems to speed up.
The orc priest hits you with a +0 flail.
* * * LOW HITPOINT WARNING * * *
Okay, then.
You eat one of the 3 rations.
That ration really hit the spot!
The orc wizard miscasts a cantrip.
The orc priest hits you with a +0 flail.
* * * LOW HITPOINT WARNING * * *
The orc wizard closely misses you.
Okay, then.
You barely miss the orc wizard.
The orc priest hits you with a +0 flail.
* * * LOW HITPOINT WARNING * * *
The orc wizard hits you but does no damage.
You closely miss the orc wizard. The orc wizard closely misses you.
The orc priest barely misses you.
The orc wizard hits you but does no damage.
The orc wizard casts a spell at you. The puff of frost hits you!
You die...

#.#....####)#
#........##.#
......##.##.#
......##....# ########
##....####..# #......#
........##..#######......#
##....#..................#
##....#.......r####......#
##....#.......oo@........#
#.....#.......o###########
#.....#........#
..####...####..#
.......### ..... #...####
#.###. ...........#.
##.....###..^ ##........


You could see an orc priest, an orc wizard, an orc and a rat.

Vanquished Creatures
  Sigmund (D:2)
  An orc wizard (D:3)
  Jessica (D:2)
  A worker ant (D:3)
  6 adders
  An ooze (D:3)
  3 worms
  2 dart slugs
  2 leopard geckos
  6 orcs (D:3)
  2 giant cockroaches
  5 goblins
  7 hobgoblins
  2 kobolds (D:1)
  A ball python (D:2)
  6 bats
  3 frilled lizards
  7 rats
57 creatures vanquished.

Notes
Turn   | Place    | Note
-------+----------+-------------------------------------------
     0 | D:1      | misha the Merfolk Berserker began the quest for the Orb.
     0 | D:1      | Reached XP level 1. HP: 18/18 MP: 1/1
   102 | D:1      | Reached XP level 2. HP: 24/24 MP: 2/2
   386 | D:1      | Reached skill level 5 in Polearms
   663 | D:2      | Reached XP level 3. HP: 30/30 MP: 3/3
   697 | D:2      | Noticed Sigmund
   708 | D:2      | Killed Sigmund
   708 | D:2      | Reached skill level 7 in Polearms
   708 | D:2      | Reached XP level 4. HP: 10/38 MP: 4/4
   708 | D:2      | Reached XP level 5. HP: 11/43 MP: 5/5
   945 | D:2      | Noticed Jessica
   955 | D:2      | Killed Jessica
   987 | D:2      | Found an ancient bone altar of Kikubaaqudgha.
  1103 | D:2      | Reached ** piety under Trog
  1311 | D:2      | Reached skill level 8 in Polearms
  1442 | D:2      | Found a burning altar of Makhleb.
  1583 | D:3      | Reached XP level 6. HP: 50/50 MP: 6/6
  1776 | D:3      | Reached skill level 5 in Fighting
  2307 | D:3      | Found an ornate altar of the Wu Jian Council.
  2363 | D:3      | Killed from afar by an orc wizard

Skill      XL: |  1  2  3  4  5  6 |
---------------+-------------------+-----
Polearms       | 5 7 8 |  8.9
Fighting       | 4 5 |  5.2
Armour         | |  1.4
Dodging        | |  2.7

Action                   |  1- 3 |  4- 6 || total
-------------------------+-------+-------++-------
Melee: Spear             |    53 |   196 ||   249
Invok: Berserk           |     1 |     1 ||     2
  Use: Scroll            |       |     1 ||     1
 Stab: Sleeping          |     1 |       ||     1
  Eat: Ration            |       |     2 ||     2
       Chunk             |       |     2 ||     2
Armor: Animal skin       |     3 |       ||     3
       Leather armour    |     3 |    25 ||    28
Dodge: Dodged            |    22 |    76 ||    98
